AoeStats
← zisuku

Scandinavia

512452929Analyzed
1v1 RM · 17d ago on Oct 9, 2026· 35m 50s· 2 players
Game mode
Random Map
Map size
Tiny (2 player)
Population
200
Speed
Normal
Resources
Standard
Victory
Conquest
Starting age
Dark Age
Ending age
Imperial Age
RankedLock teamsTeams togetherTeam positionsShared explorationLock speedFull tech treeHidden civsTurbo modeCheats
Victory
Defeat
🇲🇽 Cumans · Mexico
1225
+17
vs
🇷🇴 Inca · Romania
1247
-17
[LCQL]Wlkr
7:23 Loom
10:54 Feudal Age
11:26 Town Watch
11:28 Double-Bit Axe
21:52 Fletching
26:41 Castle Age
26:20 Padded Archer Armor
26:53 Crossbowman
27:29 Bodkin Arrow
30:00 Leather Archer Armor
31:35 Ballistics
32:04 Bow Saw
33:23 Capped Ram
zisuku
8:50 Loom
11:37 Feudal Age
15:23 Castle Age
13:14 Double-Bit Axe
15:31 Champi Runner
17:21 Scale Mail Armor
22:57 Horse Collar
26:03 Padded Archer Armor
34:24 Fletching
Connection lost

Rejoining the realm…

Still unreachable

The connection could not be restored.

Session expired

The server has moved on; the page needs a fresh start.